wizbiz, chaotic female elven Wizard ---------- |........| --- --------------- ----- |.........# #..+ |..-....-..|..| +...| |..>.....|# #|.| |..|....|..|.. |...| |........|# #|.----+-----....----|--+-----...| ----- |........|# #|....................)%f....(...| |.<.| ----------# # *|.-+-----+--.......---@--|---...| ##....| # # ###|.| |..| |......{|).f.|...|...| # |...| # ### * |.| |..| |.......|....|%%%|...| ### |...| ### ### |.----|-----.......|.@_.|%!%|...| # ----- #----- ### |.............{....|....|%.]|...-########## #|...|## # |.------+--------.----------|...| #....| ###.+-..[.| |](((|.+ |...| |....######|.|.[."| |(((.-.| +...| |...| #|.|(..)| |(((.|.| |...| ----- #|.---------------.-----------...| #|...............................| --------------------------------- wizbiz the Thaumaturge Experience level: 7 Strength: 8 Dexterity: 10 Constitution: 16 Intelligence: 19 Wisdom: 16 Charisma: 12 Health: 0(44) Energy: 2(100) Def: 3 Gold: 0 Moves: 5757 Dungeon seed: qIJKDWI0-1vdqXt- Game ID: wizbiz_1532229892 Your Inventory: Weapons w - the rustproof +1 Magicbane (weapon in hand) Armor c - an uncursed +0 pair of gauntlets of dexterity (being worn) q - a blessed +1 orcish helm (being worn) Rings A - an uncursed ring of slow digestion (on left hand) P - an uncursed ring of regeneration (on right hand) Wands b - a wand of make invisible (0:6) j - a wand of teleportation (0:7) E - a cursed wand of striking (0:8) W - a wand of teleportation (0:4) Y - a wand of fire (0:5) Z - a wand of magic missile (0:7) Tools a - an uncursed sack e - an uncursed skeleton key n - an uncursed bell Contents of the sack: 661 gold pieces a blessed +1 quarterstaff 3 uncursed food rations an uncursed scroll of create monster an uncursed scroll of enchant armor an uncursed scroll of enchant weapon an uncursed scroll of light an uncursed potion of gain ability an uncursed potion of hallucination an uncursed potion of invisibility an uncursed potion of see invisible an uncursed ring of cold resistance an uncursed ring of free action an uncursed garnet stone an uncursed worthless piece of black glass 3 uncursed worthless pieces of blue glass an uncursed worthless piece of green glass 2 uncursed worthless pieces of orange glass an uncursed worthless piece of violet glass an uncursed worthless piece of yellow glass 2 uncursed worthless pieces of yellowish brown glass Spells and supernatural/magical abilities: Name Level Category Fail Memory a - force bolt 1 attack 0% 72% w - wizard lock 2 matter 54% 72% z - sleep 1 enchantment 0% 77% O - create monster 2 clerical 54% 80% W - pray for help -- divine ? -- Your skills at the end: Fighting Skills Weapon Skills quarterstaff [Basic] Spellcasting Skills attack spells [Skilled] enchantment spells [Basic] Final Attributes: You were piously aligned. You were sleep resistant. You were magic-protected. You had infravision. You had slower digestion. You regenerated. You are dead. Vanquished creatures: a large mimic a small mimic a tengu a human mummy a leather golem 2 wolves 3 ogres a werewolf 2 dingos a jaguar a gnome mummy 3 soldier ants a rock mole 2 ponies a yellow light 4 gnome lords 3 gnomish wizards a gray ooze a paper golem 3 giant ants 3 kittens 7 dwarves a homunculus a kobold lord a kobold shaman 2 hill orcs a centipede an iguana an acid blob 2 gas spores a hobbit 2 hobgoblins 2 giant rats a cave spider a yellow mold 19 gnomes 2 garter snakes 4 geckos 6 jackals 2 foxes 2 kobolds 3 goblins 3 sewer rats 4 grid bugs 9 bats 3 lichens a kobold zombie 4 newts 123 creatures vanquished. Voluntary challenges: You had been an atheist until turn 4058. You used a wielded weapon 60 times, starting on turn 141. You read items or engraved 10 times, starting on turn 1113. You never genocided any monsters. You never polymorphed an object. You changed form 1 time, starting on turn 5665. You used no wishes. You never split a pudding. You wrote Elbereth's name 1 time, starting on turn 4753. You violated your moral code, losing 42 points of alignment, starting on turn 1150. Dungeon overview: The Dungeons of Doom: levels 1 to 4 Level 1 a fountain a long staircase Level 2 (vault) a fountain Level 3 Level 4 a general store, a sink stairs to The Gnomish Mines The Gnomish Mines: levels 5 to 8 Level 5 stairs to The Dungeons of Doom Level 6 Level 7 <- You were here some shops, a temple to Anhur, some fountains Level 8 History has recorded: On T:1 you entered the Dungeons of Doom to retrieve the Amulet of Yendor! On T:73 you reached level 2 of The Dungeons of Doom. On T:552 you advanced to experience level 2. On T:749 you reached level 3 of The Dungeons of Doom. On T:946 you reached level 4 of The Dungeons of Doom. On T:965 you advanced to experience level 3. On T:1415 you reached level 1 of The Gnomish Mines. On T:1518 you advanced to experience level 4. On T:1933 you advanced to experience level 5. On T:2412 you reached level 2 of The Gnomish Mines. On T:2808 you advanced to experience level 6. On T:3912 you reached level 3 of The Gnomish Mines. On T:4315 you advanced to experience level 7. On T:4453 you reached level 4 of The Gnomish Mines. On T:5014 you received Magicbane from Anhur. Score breakdown: Gold: 661 ( 9595 points) Experience: 7 levels (13645 points) Exploration: 8 levels ( 15.69%) (11224 points) Discoveries: 22 items ( 7.94%) ( 8454 points) Valuables value: (no points given unless you survive) Artifact value: 3500 (12056 points) Variety of kills: 48 monsters ( 12.60%) (10648 points) Turncount: 5757 turns (-1562 points) Survival: died (score multiplied by 80%) Total score: 51248 Latest messages: The wolf bites! You don't have enough energy to cast that spell. You hit the wolf! The wolf bites! You kill the wolf! There are several objects here. You are now wearing a ring of regeneration. This ogre corpse tastes terrible! You stop eating. You miss the panther. The panther hits! (2x) The panther bites! The priest of Anhur intones: "Pilgrim, you enter a sacred place!" You experience a strange sense of peace. There is an open door here. You see here a club. The panther hits! (2x) The panther bites! You die... Final status: Goodbye wizbiz the Wizard, killed by a panther... You died in The Gnomish Mines on dungeon level 7 with 51248 points, and 661 pieces of gold, after 5757 moves. You were level 7 with a maximum of 44 hit points when you died.